 Dungeon Crawl Stone Soup version 0.19.1-1-g22dce08 (webtiles) character file.

51 Alarkh the Slasher (level 3, 0/24 HPs)
             Began as a Vampire Skald on Jan 8, 2017.
             Slain by a hobgoblin
             ... wielding a +0 club
              (3 damage)
             ... on level 2 of the Dungeon.
             The game lasted 00:01:57 (1188 turns).

Alarkh the Slasher (Vampire Skald)                  Turns: 1188, Time: 00:01:57

Health: 0/24       AC:  3    Str: 11    XL:     3   Next: 57%
Magic:  1/6        EV: 11    Int: 15    God:
Gold:   71         SH:  0    Dex: 13    Spells: 1 memorised, 5 levels left

rFire  + . .     SeeInvis +     a - +0 falchion
rCold  . . .     Gourm    .     b - +0 leather armour
rNeg   . . .     Faith    .     (no shield)
rPois  .         Spirit   .     (no helmet)
rElec  .         Reflect  .     (no cloak)
rCorr  .         Harm     .     (no gloves)
MR     .....                    (no boots)
Stlth  +.........               (no amulet)
                                q - ring of wizardry
                                h - ring of protection from fire

@: lethally poisoned (0 -> 0), regenerating quickly
A: reduced essence, fangs 3, see invisible, unbreathing
a: no special abilities


You were on level 2 of the Dungeon.
You were full.

You visited 1 branch of the dungeon, and saw 2 of its levels.

You collected 71 gold pieces.

Inventory:

Hand Weapons
 a - a +0 falchion (weapon)
Armour
 b - a +0 leather armour (worn)
Jewellery
 h - a ring of protection from fire (left hand)
 q - a ring of wizardry (right hand)
Scrolls
 e - a scroll of immolation {unknown}
 k - a scroll of teleportation {unknown}
 l - a scroll of random uselessness {unknown}
 n - a scroll of recharging {unknown}
 r - a scroll of remove curse {unknown}
Potions
 d - 8 potions of blood
 f - a potion of flight {unknown}
 g - 2 potions of heal wounds {unknown}
 i - 3 potions of curing {unknown}
 j - a potion of ambrosia {unknown}
 m - a potion of lignification {unknown}
 o - 2 potions of agility {unknown}
 p - a potion of haste {unknown}
Books
 c - a book of Battle

   Spells                             Type                      Level
   a - Infusion                       Charms                       1
   b - Shroud of Golubria             Charms/Translocation         2
   c - Song of Slaying                Charms                       2
   d - Spectral Weapon                Hexes/Charms                 3
   e - Regeneration                   Charms/Necromancy            3


   Skills:
 - Level 1.7 Fighting
 + Level 4.0 Long Blades
 - Level 0.7 Armour
 - Level 1.1 Dodging
 - Level 2.0 Spellcasting
 - Level 3.2 Charms


You had 5 spell levels left.
You knew the following spells:

 Your Spells              Type           Power        Failure   Level  Hunger
a - Infusion              Chrm           ##..         4%          1    #......


Dungeon Overview and Level Annotations

Branches:
Dungeon (2/15)

Altars:
Hepliaklqana


Innate Abilities, Weirdness & Mutations

Your natural rate of healing is unusually fast.
You have razor-sharp teeth.
You have supernaturally acute eyesight. (SInv)
You can survive without breathing.
Your life essence is reduced. (-10% HP)


Message History

The hobgoblin moves out of view.
Found a meat ration.
You barely miss the adder. The adder bites you.
You are poisoned.
The adder poisons you!
You closely miss the adder.
You feel sick. The adder barely misses you.
You riposte.
You miss the adder. The adder bites you.
You hit the adder.
The adder is heavily wounded.
The adder bites you.
You are too injured to fight recklessly!
Okay, then.
You feel sick. The adder bites you.
You are no longer magically infusing your attacks.
You feel sick.
Yummy - fresh blood!
The hobgoblin barely misses you.
Yummy - fresh blood!
The hobgoblin hits you with a club.
* * * LOW HITPOINT WARNING * * *
Yummy - fresh blood!
You feel sick. The hobgoblin hits you with a club.
You die...

#..####.#. .#
#####..######.# ..
............... .#
#####.#######.. .# #.#
#..#####.#####. #.#
#....%......... #.# #.#
##...#... ##.#
#.###......... #..#
#..@gS###..... ..#
#####..##.###.....
####.#.###............#
... ....#
#.#.<..#..##.#### ..
.#.# #.....#..##.# #
..## ##.......##.#
.#.## ##....%##.##.#
.##.###..รท......# .#
.....#.###.######


You could see an adder and a hobgoblin.

Vanquished Creatures
  3 adders (D:2)
  A worm (D:2)
  3 leopard geckos
  3 giant cockroaches
  5 goblins (D:1)
  4 hobgoblins
  A quokka (D:2)
  A ball python (D:1)
  2 bats
  2 frilled lizards (D:1)
  4 kobolds
  4 rats (D:1)
33 creatures vanquished.

Notes
Turn   | Place    | Note
-------+----------+-------------------------------------------
     0 | D:1      | Alarkh the Vampire Skald began the quest for the Orb.
     0 | D:1      | Reached XP level 1. HP: 16/16 MP: 3/3
   247 | D:1      | Reached XP level 2. HP: 16/22 MP: 5/5
   386 | D:1      | Reached skill level 3 in Long Blades
   683 | D:2      | Reached XP level 3. HP: 27/27 MP: 1/6
   992 | D:2      | Reached skill level 4 in Long Blades
  1029 | D:2      | Found a faded altar of an unknown god.
  1074 | D:2      | Became a worshipper of Hepliaklqana the Forgotten
  1074 | D:2      | Reached * piety under Hepliaklqana
  1075 | D:2      | Fell from the grace of Hepliaklqana
  1188 | D:2      | Slain by a hobgoblin

Skill      XL: |  1  2  3 |
---------------+----------+-----
Long Blades    | 3 4 |  4.0
Fighting       | |  1.7
Armour         | |  0.7
Dodging        | |  1.1
Spellcasting   | |  2.0
Charms         | |  3.2

Action                   || total
-------------------------++-------
Melee: Falchion          ||   109
       Bite              ||     6
 Cast: Infusion          ||    12
Invok: Renounce Religion ||     1
  Use: Potion            ||     7
Armor: Leather armour    ||    26
Dodge: Dodged            ||    66
       Rpst.: Falchion   ||    19
